 Dungeon Crawl Stone Soup version 0.28-a0-390-gb254ac4902 (webtiles) character file.

Game seed: 16507252059160786029

217 mhtbhm the Sneak (level 5, -4/47 HPs)
             Began as a Minotaur Delver on Sept 4, 2021.
             Slain by a water moccasin zombie (5 damage)
             ... in an ossuary.
             The game lasted 00:02:14 (1892 turns).

mhtbhm the Sneak (Minotaur Delver)                  Turns: 1892, Time: 00:02:15

Health: -4/47      AC:  3    Str: 18    XL:     5   Next: 62%
Magic:  4/4        EV: 12    Int:  7    God:
Gold:   55         SH:  0    Dex: 11    Spells: 4/4 levels left

rFire   . . .      SeeInvis .   a - +0 hand axe
rCold   . . .      Faith    .   (no shield)
rNeg    . . .      Spirit   .   b - +0 leather armour
rPois   .          Reflect  .   (helmet restricted)
rElec   .          Harm     .   (no cloak)
rCorr   .          Rampage  .   (no gloves)
Will    .....                   (no boots)
Stlth   +++.......              (no amulet)
HPRegen 0.15/turn               (no ring)
MPRegen 0.09/turn               (no ring)

@: no status effects
A: horns 2, retaliatory headbutt
a: no special abilities


You were in an ossuary.
You visited 1 branch of the dungeon, and saw 2 of its levels.
You also visited: Ossuary.

You collected 55 gold pieces.

Inventory:

Hand Weapons
 a - a +0 hand axe (weapon)
Armour
 b - a +0 leather armour (worn)
Wands
 g - a wand of digging (3)
Scrolls
 c - a scroll of fog


   Skills:
 + Level 4.4 Fighting
 + Level 3.8 Axes
 + Level 2.5 Armour
 + Level 3.0 Dodging
 + Level 5.2 Stealth


You had 4 spell levels left.
You didn't know any spells.
Your spell library was empty.

Dungeon Overview and Level Annotations

Branches:
Dungeon (5/15)             Temple (0/1) D:4         Ossuary (1/1)

Altars:


Innate Abilities, Weirdness & Mutations

You have a pair of horns on your head.
You reflexively headbutt those who attack you in melee.


Message History

The water moccasin zombie bites you.
* * * LOW HITPOINT WARNING * * *
The water moccasin zombie bites you but does no damage.
You hit the water moccasin zombie.
You headbutt the water moccasin zombie, but do no damage.
The water moccasin zombie is heavily damaged.
The water moccasin zombie bites you.
* * * LOW HITPOINT WARNING * * *
You aren't carrying any potions.
Unknown command.
Okay, then.
You hit the water moccasin zombie but do no damage.
The water moccasin zombie is heavily damaged.
The water moccasin zombie barely misses you.
You hit the water moccasin zombie but do no damage.
Your headbutt misses the water moccasin zombie.
The water moccasin zombie is heavily damaged.
The water moccasin zombie bites you.
* * * LOW HITPOINT WARNING * * *
The water moccasin zombie bites you but does no damage.
You hit the water moccasin zombie.
Your headbutt misses the water moccasin zombie.
The water moccasin zombie is heavily damaged.
The water moccasin zombie bites you.
* * * LOW HITPOINT WARNING * * *
Unknown command.
You hit the water moccasin zombie but do no damage.
You headbutt the water moccasin zombie.
The water moccasin zombie is heavily damaged.
The water moccasin zombie barely misses you.
You hit the water moccasin zombie.
Your headbutt misses the water moccasin zombie.
The water moccasin zombie is severely damaged.
The water moccasin zombie bites you.
* * * LOW HITPOINT WARNING * * *
The water moccasin zombie closely misses you.
You hit the water moccasin zombie.
The water moccasin zombie is severely damaged.
The water moccasin zombie bites you.
You die...

#.. #.. #'# #.. #..
#.. #..
###+################
#..@'...#....#...#..
#..Z#...#....#...#..
#∩..#...'....'...'..
####################


You could see a water moccasin zombie.

Vanquished Creatures
  A centaur (D:4)
  A water moccasin zombie (Ossuary)
  A hound (D:5)
  A mummy (D:4)
  6 adder zombies (Ossuary)
  2 gnoll zombies (Ossuary)
  A goblin (D:4)
  6 hobgoblin zombies (Ossuary)
  3 kobold zombies (Ossuary)
  2 orc zombies (Ossuary)
24 creatures vanquished.

Notes
Turn   | Place    | Note
-------+----------+-------------------------------------------
     0 | D:5      | mhtbhm the Minotaur Delver began the quest for the Orb.
     0 | D:5      | Reached XP level 1. HP: 19/19 MP: 0/0
     9 | D:5      | Noticed a hound
    29 | D:5      | Killed a hound
    30 | D:5      | Reached XP level 2. HP: 8/27 MP: 1/1
    30 | D:5      | Reached XP level 3. HP: 10/33 MP: 2/2
   364 | D:5      | Noticed a necrophage
   774 | D:4      | Noticed a centaur
   794 | D:4      | Noticed a water moccasin
   879 | D:4      | Killed a centaur
   880 | D:4      | Reached skill level 1 in Armour
   880 | D:4      | Reached skill level 5 in Stealth
   880 | D:4      | Reached XP level 4. HP: 7/40 MP: 3/3
   886 | D:4      | Found a sand-covered staircase.
  1066 | Ossuary  | Entered an ossuary
  1322 | Ossuary  | Reached XP level 5. HP: 45/46 MP: 4/4
  1891 | Ossuary  | HP: 1/47 [water moccasin zombie (3)]
  1892 | Ossuary  | Slain by a water moccasin zombie

Illustrated notes

Levels and vault maps discovered:
D:4:      layout_rooms, lemuel_temple_firewalk_a, gup_ossuary_entry_pyramid,
          grunt_ministairs_1
D:5:      layout_loops_corners, lemuel_tele_altar
Ossuary:  ossuary_tomb_2

Skill      XL: |  1  2  3  4  5 |
---------------+----------------+-----
Fighting       | 4 |  4.4
Axes           | 3 |  3.8
Armour         | 1 2 |  2.5
Stealth        | 5 |  5.2
Dodging        | 3 |  3.0

Action                   |  1- 3 |  4- 6 || total
-------------------------+-------+-------++-------
Melee: Hand axe          |    29 |    92 ||   121
       Headbutt          |     5 |    14 ||    19
  Use: Scroll            |     2 |       ||     2
       Potion            |     1 |       ||     1
 Stab: Sleeping          |     2 |     2 ||     4
Armor: Leather armour    |     7 |    14 ||    21
Dodge: Dodged            |    35 |    50 ||    85

Table legend: (Time is in decaauts)
 A = Elapsed time spent in this place.
 B = Non-inter-level travel time spent in this place.
 C = Inter-level travel time spent in this place.
 D = Time resting spent in this place.
 E = Time spent auto-exploring this place.
 F = Levels seen in this place.
 G = Mean time per level.
                   A        B        C        D        E       F      G
               +--------+--------+--------+--------+--------+-----+--------+
         Total |   1890 |   1890 |      0 |   1528 |     37 |   3 |  630.0 |
       Dungeon |   1053 |   1053 |      0 |    843 |     37 |   2 |  526.5 |
       Ossuary |    836 |    836 |      0 |    685 |      0 |   1 |  836.0 |
               +--------+--------+--------+--------+--------+-----+--------+

Top non-repeatable levels by time:
 Ossuary: 836 daAuts
     D:5: 732 daAuts
     D:4: 320 daAuts
